 Dungeon Crawl Stone Soup version 0.30-a0-652-gcc886f7154 (webtiles) character file.

Game seed: 14577089912698400151

161 bmack86 the Shield-Bearer (level 5, -9/47 HPs)
             Began as a Minotaur Fighter on Jan 17, 2023.
             Mangled by Duvessa
             ... wielding a +1 rapier of electrocution
              (11 damage)
             ... on level 4 of the Dungeon.
             The game lasted 00:06:20 (2095 turns).

bmack86 the Shield-Bearer (Minotaur Fighter)        Turns: 2095, Time: 00:06:21

Health: -9/47      AC: 10    Str: 22    XL:     5   Next: 19%
Magic:  4/4        EV:  9    Int:  5    God:
Gold:   219        SH:  4    Dex: 10    Spells: 4/4 levels left

rFire   + . .      SeeInvis .    a - +1 war axe
rCold   x . .      Faith    .    c - +0 buckler
rNeg    . . .      Spirit   .    b - +0 scale mail
rPois   .          Reflect  .    (helmet restricted)
rElec   .          Harm     .    e - +2 cloak
rCorr   .          Rampage  .    (no gloves)
Will    .....                    (no boots) Stlth
                                 (no amulet)
HPRegen 0.27/turn                g - +4 ring of slaying
MPRegen 0.09/turn                m - ring of Huyfram Reatt {Fire Slay+4}

@: no status effects
A: horns 2, retaliatory headbutt
a: no special abilities


You were on level 4 of the Dungeon.
You visited 1 branch of the dungeon, and saw 4 of its levels.

You collected 269 gold pieces.
You spent 50 gold pieces at shops.

Inventory:

Hand Weapons
 a - a +1 war axe (weapon)
Missiles
 i - 9 javelins (quivered)
Armour
 b - a +0 scale mail (worn)
 c - a +0 buckler (worn)
 e - a +2 cloak (worn)
 t - a scarf of shadows
Jewellery
 g - a +4 ring of slaying (left hand)
 m - the ring of Huyfram Reatt (right hand) {Fire Slay+4}
   (You found it on level 2 of the Dungeon)

   [ring of fire]

   It enhances your fire magic.
   Slay:      It affects your accuracy & damage with ranged weapons and melee
   (+4).
   rF:        It protects you from fire.
   rC:        It makes you vulnerable to cold.
 s - a +5 ring of evasion
Scrolls
 k - 4 scrolls of teleportation
 l - a scroll of vulnerability {unknown}
 n - a scroll of fog {unknown}
 u - a scroll of torment {unknown}
Potions
 d - a potion of might
 f - a potion of degeneration {unknown}
 h - 2 potions of flight
 o - a potion of invisibility {unknown}
 p - a potion of haste {unknown}
 r - 2 potions of mutation
 v - a potion of heal wounds


   Skills:
 + Level 4.4 Fighting
 * Level 4.4 Axes
 + Level 1.3 Throwing
 + Level 4.4 Armour
 + Level 4.4 Shields


You had 4 spell levels left.
You didn't know any spells.
Your spell library contained the following spells:

 Spells                   Type           Power      Damage    Failure   Level
 Blink                    Tloc           0%         N/A       95%         2
 Lesser Beckoning         Tloc           0%         N/A       95%         2
 Momentum Strike          Conj/Tloc      0%         3d8       95%         2


Dungeon Overview and Level Annotations

Branches:
Dungeon (4/15)
 Temple: D:4-7

Altars:
Nemelex Xobeh
Qazlal
Sif Muna

Shops:
D:3 =!

Annotations:
D:4 Dowan, Duvessa


Innate Abilities, Weirdness & Mutations

You have a pair of horns on your head.
You reflexively headbutt those who attack you in melee.


Message History

You kill the orc!
You now have 219 gold pieces (gained 38).
Items here: ))))) [[[ †††.
Found a leather armour.
You see here a +0 leather armour.
Found a stormy altar of Qazlal.
An adder comes into view.
The adder hisses angrily.
The adder bites you but does no damage.
You hit the adder. Your headbutt misses the adder.
The adder is severely wounded.
You block the adder's attack. The adder barely misses you.
You slash the adder!
You kill the adder!
You see here an adder corpse.
Duvessa, Sister of Dowan comes into view.
She is wielding a +1 rapier of electrocution.
Duvessa shouts!
Dowan, Brother of Duvessa comes into view.
He is wielding a +0 dagger and carrying a wand of digging (4).
Dowan shouts!
Dowan says, "Stay away from my face!"
Found a sparkling altar of Nemelex Xobeh.
Dowan zaps a wand.
Some rock shatters into small pieces.
Found 7 stones.
Duvessa hits you with a +1 rapier of electrocution!
You barely miss Duvessa.
Duvessa hits you with a +1 rapier of electrocution!
You hit Duvessa but do no damage. Duvessa closely misses you.
Dowan casts a spell.
Dowan blinks!
You hit Duvessa. You headbutt Duvessa!
Duvessa is heavily wounded.
Duvessa hits you with a +1 rapier of electrocution!
You hit Duvessa.
Duvessa is heavily wounded.
You slash Dowan! Duvessa hits you but does no damage.
You are electrocuted!
* * * LOW HITPOINT WARNING * * *
Dowan hits you with a +0 dagger.
* * * LOW HITPOINT WARNING * * *
Duvessa hits you with a +1 rapier of electrocution!
You die...

,******,* #.§§.§§.≈,,,,,~,,*
,,,,,,,,* #.≈.≈≈≈§≈§§≈≈,~,,****
####***** ##.≈.≈§≈.≈.§§§,~,,,,,*
...########..§!§.≈§≈§≈.§,~,,**,**
.......[.....≈§§...≈§§§§,~,,,,,,,
##.#########.§§≈≈≈≈≈§≈§≈,~,,**,**
##.# #†≈...§§≈....,~,,**,* ##.#
#.≈§§§§.≈≈≈§≈~~,,**,** ##.##
#....@e.§..§§,,,,**,*, ....#
##...e.......,,,,**,*, ....#
##.........§,,,,,,,,, ....#
########...,,,,,*,*, ....#
**##****,*,,, ....# ***,,***,
...## *,,,*,,,, ...# **,***,**,
...# ******,,* *,**,


You could see Duvessa and Dowan.

Vanquished Creatures
  An orc priest (D:4)
  An orc wizard (D:4)
  3 adders
  3 worms
  3 dart slugs (D:1)
  5 orcs
  6 endoplasms
  4 giant cockroaches
  5 goblins
  6 hobgoblins
  2 jackals (D:1)
  2 quokkas
  4 ball pythons
  7 bats
  2 frilled lizards
  3 kobolds
  A rat (D:1)
58 creatures vanquished.

Notes
Turn   | Place    | Note
-------+----------+-------------------------------------------
     0 | D:1      | bmack86 the Minotaur Fighter began the quest for the Orb.
     0 | D:1      | Reached XP level 1. HP: 19/19 MP: 0/0
   209 | D:1      | Reached XP level 2. HP: 27/27 MP: 1/1
   613 | D:1      | Reached XP level 3. HP: 33/33 MP: 2/2
  1110 | D:2      | Identified the ring of Huyfram Reatt {Fire Slay+4}
  1444 | D:3      | Reached XP level 4. HP: 40/40 MP: 3/3
  1786 | D:3      | Found Aroeddie's Distillery.
  1796 | D:3      | Bought a potion of heal wounds for 50 gold pieces
  1802 | D:3      | Found Yquqafaico's One-of-a-Kind Rings.
  1898 | D:4      | Found a shimmering blue altar of Sif Muna.
  2046 | D:4      | Reached skill level 1 in Throwing
  2049 | D:4      | Reached XP level 5. HP: 44/47 MP: 4/4
  2078 | D:4      | Found a stormy altar of Qazlal.
  2088 | D:4      | Noticed Duvessa
  2089 | D:4      | Noticed Dowan
  2090 | D:4      | Found a sparkling altar of Nemelex Xobeh.
  2095 | D:4      | HP: 2/47 [Dowan/+0 dagger (4)]
  2095 | D:4      | Mangled by Duvessa

Illustrated notes

Levels and vault maps discovered:
D:1:      psy_arrival_fountain, layout_loops_cross
D:2:      layout_loops_ring, kennysheep_generic_room_8
D:3:      layout_rooms, serial_shops, nicolae_shop_trees,
          nicolae_shop_unique_rings, serial_park_tiny_1
D:4:      layout_basic, led_sif_book, mainiacjoe_overflow_catwalk_spiral,
          uniq_robin, uniq_grinder, uniq_duvessa, uniq_eustachio

Skill      XL: |  1  2  3  4 |
---------------+-------------+-----
Axes           | 3 4 |  4.4
Shields        | 4 |  4.4
Armour         | 4 |  4.4
Fighting       | 4 |  4.4
Throwing       | 1 |  1.3

Action                   |  1- 3 |  4- 6 || total
-------------------------+-------+-------++-------
Melee: War axe           |    68 |    30 ||    98
       Headbutt          |     6 |     2 ||     8
  Use: Scroll            |     4 |     2 ||     6
Armor: Scale mail        |    45 |     6 ||    51
Dodge: Dodged            |    49 |    10 ||    59
Block: Buckler           |    31 |     8 ||    39

Table legend: (Time is in decaauts)
 A = Elapsed time spent in this place.
 B = Non-inter-level travel time spent in this place.
 C = Inter-level travel time spent in this place.
 D = Time resting spent in this place.
 E = Time spent auto-exploring this place.
 F = Levels seen in this place.
 G = Mean time per level.
                   A        B        C        D        E       F      G
               +--------+--------+--------+--------+--------+-----+--------+
         Total |   2129 |   2054 |     75 |      0 |   1282 |   4 |  532.2 |
       Dungeon |   2129 |   2054 |     75 |      0 |   1282 |   4 |  532.2 |
               +--------+--------+--------+--------+--------+-----+--------+

Top non-repeatable levels by time:
     D:1: 700 daAuts
     D:2: 639 daAuts
     D:3: 547 daAuts
     D:4: 242 daAuts
